Map: Alcyone LE

Players

jeannysu - Winner!

  • Race: Zerg Zerg
  • Spawn Location: 7:00

치터 칸 (가장 어려움)

  • Race: Protoss Protoss
  • Spawn Location: 1:00

VOD

Have the link to the VOD?

Description

Time

  • Played on: Oct. 14, 2025, 9:23 a.m.
  • Length: 25:02
Show
View Real Time Build Order
Export as new Build Order

jeannysu Zerg - Winner!

Build Orders: Hatch First 

Get SALT Encoding   

  12  0:00  Drone  
  13  0:07  Drone  
  13  0:13  Extractor  
  13  0:14  Drone  
  15  0:21  Overlord  
  15  0:40  Drone  
  16  0:46  Hatchery  
  16  0:49  Drone  
  16  0:52  Drone  
  16  0:57  Drone  
  18  1:06  Extractor  
  17  1:13  Spawning Pool  
  17  1:15  Drone  
  17  1:18  Drone  
  18  1:27  Drone  
  19  1:49  Drone x2  
  21  1:58  Overlord  
  21  2:00  Queen  
  21  2:01  Queen  
  25  2:02  Zergling x2  
  26  2:11  Metabolic Boost  
  26  2:13  Drone  
  27  2:15  Drone  
  27  2:20  Drone  
  27  2:21  Drone  
  30  2:30  Drone  
  30  2:35  Drone  
  32  2:43  Queen  
  34  2:51  Hatchery  
  33  2:55  Drone x2  
  33  2:56  Drone  
  36  3:01  Overlord  
  36  3:25  Drone x2  
  36  3:26  Roach Warren, Drone x6  
  36  3:27  Evolution Chamber  
  42  3:34  Overlord  
  42  3:46  Drone x2  
  44  3:50  Overlord x2  
  44  3:57  Zerg Missile Weapons Level 1  
  44  3:59  Zergling x8  
  44  4:00  Zergling x4  
  50  4:04  Queen  
  50  4:05  Drone  
  53  4:11  Drone x2  
  55  4:19  Roach x2  
  55  4:20  Roach  
  61  4:31  Drone  
  61  4:32  Drone x6  
  61  4:36  Overlord x2  
  68  4:41  Drone  
  68  4:43  Queen  
  68  4:44  Queen  
  73  4:49  Overlord x2  
  73  4:56  Drone x4  
  73  4:57  Overlord  
  77  5:01  Spore Crawler  
  77  5:03  Spore Crawler  
  77  5:04  Spore Crawler  
  74  5:08  Drone  
  74  5:09  Roach  
  74  5:10  Roach  
  74  5:13  Overlord x2  
  79  5:24  Roach x3, Extractor  
  79  5:25  Roach x2  
  88  5:35  Overlord  
  88  5:36  Roach  
  88  5:39  Zergling x14  
  97  5:52  Drone x3  
  97  5:56  Roach  
  97  5:57  Roach  
  104  5:59  Zergling x4  
  106  6:08  Drone x2, Hatchery  
  107  6:18  Overlord x5  
  107  6:21  Lair  
  107  6:33  Roach  
  107  6:34  Zergling x18  
  107  6:36  Hatchery  
  107  6:37  Hatchery  
  107  6:39  Extractor  
  115  6:42  Extractor x2  
  115  6:44  Drone x3  
  116  6:48  Drone x3, Extractor  
  116  6:53  Roach x4  
  128  6:54  Roach  
  128  7:13  Roach x4  
  128  7:14  Roach x2  
  140  7:19  Drone x6  
  140  7:20  Drone  
  140  7:22  Drone  
  148  7:26  Drone  
  149  7:31  Zerg Missile Weapons Level 2  
  149  7:36  Evolution Chamber  
  148  7:43  Infestation Pit  
  147  7:44  Drone  
  147  7:45  Drone x6  
  147  7:48  Queen  
  156  7:51  Drone  
  156  7:52  Drone x8  
  165  7:58  Ravager x2  
  165  7:59  Ravager  
  165  8:00  Roach  
  165  8:01  Roach x2  
  165  8:02  Roach  
  165  8:04  Overlord  
  176  8:19  Drone  
  177  8:20  Drone x11  
  177  8:23  Overlord x3  
  177  8:25  Queen  
  190  8:28  Roach x2  
  194  8:39  Baneling Nest  
  193  8:52  Ravager, Extractor  
  193  8:53  Ravager x7  
  200  9:00  Extractor  
  200  9:01  Extractor  
  198  9:04  Extractor  
  197  9:21  Spire  
  197  9:23  Zerg Ground Armor Level 1  
  196  9:26  Hive  
  192  9:51  Infestor x4  
  164  10:16  Roach  
  164  10:17  Roach x21  
  164  10:18  Roach  
  169  10:51  Roach  
  169  10:52  Roach x16  
  195  11:00  Greater Spire  
  195  11:03  Zerg Missile Weapons Level 3  
  195  11:10  Ravager x5  
  190  11:41  Ultralisk Cavern  
  187  11:56  Hatchery  
  159  12:08  Roach x3  
  151  12:09  Roach x7  
  159  12:20  Ravager x5  
  164  12:32  Ravager x5  
  164  12:34  Ultralisk x5  
  164  13:20  Ultralisk x4  
  180  13:30  Ultralisk x3  
  194  13:36  Chitinous Plating  
  194  13:39  Zergling x2  
  194  13:40  Zergling x10  
  184  13:58  Zerg Ground Armor Level 2, Zerg Melee Weapons Level 1  
  184  14:01  Ultralisk  
  175  14:03  Roach  
  175  14:04  Roach x5  
  151  14:10  Spine Crawler  
  129  14:23  Infestor x2  
  122  14:27  Zergling x6  
  122  14:28  Zergling x62  
  122  14:29  Zergling x24  
  168  14:40  Ravager  
  168  14:42  Ravager  
  170  14:47  Ravager x3  
  170  14:52  Queen  
  173  14:55  Anabolic Synthesis  
  175  15:02  Zergling x12  
  175  15:03  Zergling x24  
  175  15:06  Adrenal Glands  
  193  15:08  Zerg Flyer Weapons Level 1  
  193  15:09  Centrifugal Hooks  
  193  15:12  Hatchery  
  193  15:13  Queen  
  188  15:20  Baneling  
  188  15:21  Baneling x9  
  188  15:32  Queen  
  188  15:33  Extractor x2  
  188  15:49  Hydralisk Den  
  135  16:34  Zergling x2  
  135  16:35  Zergling x50  
  135  16:36  Zergling x48  
  172  16:40  Ultralisk  
  172  16:43  Zerg Melee Weapons Level 2  
  172  16:44  Zerg Ground Armor Level 3  
  160  16:49  Zergling x6  
  160  16:50  Zergling x8  
  138  17:02  Zerg Flyer Armor Level 1  
  126  17:12  Hatchery  
  126  17:13  Ultralisk x3  
  126  17:14  Ultralisk x4  
  159  17:35  Drone x2  
  159  17:36  Drone x7  
  149  17:53  Ultralisk  
  149  17:54  Ultralisk x2  
  159  18:05  Hatchery  
  155  18:08  Ultralisk  
  143  18:41  Extractor  
  143  18:42  Zergling x2, Hatchery  
  143  18:43  Zergling x40  
  143  18:44  Zergling x2  
  143  18:45  Extractor  
  156  18:51  Unknown  
  155  18:56  Zergling x10  
  155  18:57  Zergling x10  
  160  19:07  Drone  
  160  19:08  Drone x8  
  161  19:35  Zergling x34  
  161  19:36  Zergling x8  
  163  19:48  Zerg Melee Weapons Level 3  
  162  19:53  Extractor  
  162  19:54  Extractor  
  160  20:08  Queen  
  158  20:16  Ultralisk x4  
  175  20:22  Drone x3  
  175  20:24  Ultralisk  
  183  20:29  Drone x3  
  172  20:36  Zergling x6  
  172  20:41  Overseer  
  160  20:59  Ultralisk x4  
  160  21:02  Hatchery  
  159  21:06  Infestor  
  159  21:07  Infestor x3  
  166  21:15  Ultralisk  
  172  21:25  Drone x3  
  175  21:37  Zergling x2  
  175  21:38  Zergling x40  
  176  21:58  Zergling x6  
  176  21:59  Zergling x30  
  191  22:18  Mutalisk x4  
  194  22:39  Zergling x18  
  184  22:58  Ultralisk x3  
  199  23:02  Zergling x2  
  199  23:03  Zergling x2  
  186  23:35  Microbial Shroud  
  186  23:41  Ultralisk  
  174  23:42  Ultralisk x4  
  198  23:54  Unknown  
  197  24:08  Zergling x6  
  194  24:35  Zergling x2  
  194  24:36  Zergling x12  
Show
View Real Time Build Order
Export as new Build Order

치터 칸 (가장 어려움) Protoss 

Build Orders: 1 Gate Expand, Double Forge, Archon Immortal 

Get SALT Encoding   

  12  0:00  Probe  
  13  0:13  Probe  
  14  0:19  Pylon  
  14  0:25  Probe  
  15  0:33  Probe  
  15  0:41  Assimilator, Probe  
  16  0:45  Gateway  
  17  0:51  Probe  
  17  0:53  Pylon  
  18  0:59  Probe  
  19  1:08  Probe  
  19  1:18  Probe  
  21  1:27  Nexus  
  21  1:30  Probe  
  22  1:35  Gateway  
  22  1:41  Zealot  
  22  1:42  Probe  
  25  1:51  Cybernetics Core  
  25  1:55  Pylon  
  25  1:59  Zealot  
  25  2:00  Probe  
  28  2:09  Assimilator  
  28  2:12  Probe  
  29  2:22  Adept  
  29  2:24  Probe  
  29  2:27  Pylon  
  29  2:28  Adept  
  34  2:31  Warp Gate  
  34  2:36  Probe  
  35  2:39  Probe  
  36  2:48  Sentry, Probe  
  36  2:51  Probe  
  38  2:53  Pylon  
  38  2:57  Sentry  
  42  2:59  Robotics Facility  
  42  3:00  Probe  
  42  3:01  Adept  
  42  3:03  Probe  
  46  3:13  Probe  
  46  3:15  Probe  
  48  3:20  Adept  
  48  3:25  Probe  
  51  3:27  Probe  
  51  3:31  Adept  
  54  3:35  Gateway  
  54  3:36  Probe  
  54  3:37  Probe  
  54  3:40  Pylon  
  56  3:44  Immortal, Probe  
  56  3:47  Stalker  
  60  3:49  Probe  
  60  3:51  Robotics Facility  
  60  3:53  Probe  
  64  3:58  Stalker  
  64  4:01  Probe  
  68  4:05  Probe  
  68  4:09  Pylon  
  69  4:10  Pylon  
  69  4:13  Probe  
  69  4:14  Immortal  
  70  4:18  Probe  
  75  4:25  Probe, Stalker  
  75  4:27  Gateway  
  75  4:29  Stalker  
  75  4:30  Probe  
  81  4:36  Stalker  
  81  4:37  Probe  
  81  4:38  Pylon, Immortal  
  88  4:41  Forge  
  88  4:45  Forge  
  88  4:48  Stalker  
  88  4:51  Immortal  
  88  4:52  Stalker  
  92  4:59  Stalker  
  98  5:02  Pylon  
  98  5:07  Immortal  
  102  5:23  Zealot, Immortal  
  102  5:24  Zealot  
  102  5:28  Pylon  
  110  5:38  Twilight Council, Nexus  
  110  5:41  Assimilator  
  110  5:42  Pylon  
  110  5:43  Photon Cannon  
  110  5:45  Assimilator  
  110  5:57  Zealot x2  
  110  6:00  Zealot x2  
  110  6:01  Gateway  
  118  6:04  Pylon  
  118  6:06  Photon Cannon  
  118  6:07  Probe  
  118  6:08  Probe  
  118  6:09  Pylon  
  120  6:17  Zealot  
  122  6:21  Templar Archives  
  122  6:24  Warp Prism  
  122  6:26  Warp Prism  
  122  6:30  Protoss Ground Weapons Level 1  
  126  6:32  Pylon  
  126  6:34  Photon Cannon  
  126  6:35  Photon Cannon  
  126  6:36  Protoss Ground Armor Level 1  
  126  6:39  Stalker  
  128  6:42  Stalker  
  128  6:46  Stalker  
  132  6:49  Stalker  
  132  6:51  Gateway, Probe x2  
  132  6:52  Probe  
  132  6:53  Warp Prism  
  137  6:55  Zealot  
  137  6:57  Assimilator  
  137  7:00  Pylon  
  141  7:01  Assimilator  
  141  7:02  Observer, High Templar  
  141  7:03  Zealot, Probe, Photon Cannon  
  141  7:04  Probe  
  141  7:05  Zealot, Probe, Charge  
  151  7:12  Sentry  
  151  7:15  Probe, High Templar  
  156  7:17  Probe x2  
  156  7:20  Stalker  
  160  7:24  Pylon  
  160  7:26  Zealot, Photon Cannon  
  160  7:27  Observer, Probe  
  160  7:29  Pylon, Probe  
  165  7:30  Probe  
  165  7:34  Observer, Stalker  
  165  7:35  Zealot  
  171  7:37  Archon  
  171  7:39  Probe  
  171  7:42  Zealot, Probe x2  
  171  7:43  Zealot  
  178  7:46  High Templar  
  178  7:47  High Templar, Robotics Facility  
  178  7:48  Probe  
  182  7:51  Psionic Storm  
  182  7:52  Pylon, Probe  
  182  7:54  Probe  
  182  7:55  Photon Cannon  
  182  7:56  Sentry  
  182  7:58  Archon, Photon Cannon  
  187  7:59  High Templar  
  187  8:00  Photon Cannon  
  187  8:04  Nexus, Photon Cannon  
  187  8:05  Photon Cannon  
  189  8:09  Probe  
  189  8:10  High Templar  
  189  8:11  Probe, Sentry  
  195  8:13  Pylon  
  195  8:18  Stargate  
  195  8:23  Zealot, Robotics Bay  
  197  8:27  Archon  
  197  8:32  High Templar  
  197  8:33  Protoss Ground Weapons Level 2  
  199  8:42  Forge  
  199  8:46  Protoss Ground Armor Level 2  
  199  8:49  Blink  
  199  9:01  Gravitic Drive  
  199  9:20  Protoss Shields Level 1  
  199  9:30  Assimilator, Nexus  
  199  9:33  Pylon  
  199  9:36  Archon x2  
  199  9:55  Photon Cannon  
  199  9:56  Photon Cannon  
  199  9:58  Gravitic Boosters, Archon  
  199  9:59  Pylon  
  199  10:04  Immortal, High Templar  
  199  10:07  Immortal  
  199  10:08  Stalker x2  
  199  10:09  Stalker  
  199  10:11  Sentry  
  199  10:12  Stalker  
  199  10:20  Photon Cannon  
  199  10:21  Immortal  
  167  10:30  Stalker  
  167  10:31  High Templar x2  
  167  10:32  Stalker  
  167  10:34  Sentry  
  169  10:36  Zealot  
  159  10:43  Archon, Immortal  
  159  10:46  Immortal, Stalker  
  145  10:54  Zealot  
  145  10:55  Adept  
  145  10:56  Adept, Assimilator  
  143  10:57  Nexus, High Templar  
  143  11:00  Immortal  
  143  11:01  Pylon  
  143  11:02  Stalker  
  143  11:03  High Templar  
  147  11:04  Assimilator  
  147  11:11  High Templar  
  147  11:16  Zealot  
  147  11:17  Zealot  
  149  11:22  Photon Cannon, Immortal  
  149  11:23  Archon  
  149  11:25  Immortal, High Templar  
  151  11:26  Pylon, Sentry  
  151  11:30  Zealot  
  155  11:33  Stalker  
  155  11:36  Sentry  
  155  11:37  Zealot, Archon  
  155  11:39  Immortal  
  165  11:45  High Templar  
  167  11:47  Photon Cannon  
  167  11:50  Adept, Photon Cannon  
  167  11:52  Photon Cannon, High Templar  
  165  11:55  Sentry  
  165  11:57  Archon, Stalker, High Templar  
  157  12:01  Immortal  
  159  12:10  Zealot, High Templar  
  159  12:11  Adept  
  157  12:18  Immortal  
  157  12:22  Assimilator, Nexus, Stalker  
  153  12:23  Archon, Colossus  
  153  12:24  Zealot x2, Sentry  
  153  12:29  Zealot  
  167  12:37  Pylon  
  167  12:38  Assimilator, Disruptor  
  167  12:40  Sentry, High Templar  
  167  12:42  Stalker, High Templar  
  167  12:43  High Templar  
  181  12:50  Sentry  
  181  12:51  Disruptor  
  183  12:56  Colossus  
  183  12:59  Adept  
  183  13:05  Stalker  
  165  13:09  Stalker  
  157  13:12  Zealot  
  157  13:13  Adept  
  157  13:14  Sentry  
  157  13:15  Sentry  
  157  13:17  Disruptor  
  155  13:23  Immortal  
  143  13:28  Sentry  
  143  13:30  Adept  
  143  13:32  Sentry  
  143  13:33  Adept  
  143  13:34  Zealot  
  141  13:37  Adept, Pylon  
  133  13:46  Sentry  
  129  13:49  Adept, Unknown  
  129  13:51  Immortal  
  129  13:52  Adept, Pylon, Probe  
  129  13:53  Immortal, Stalker  
  129  13:54  Stalker  
  143  13:56  Adept  
  143  14:02  Immortal  
  133  14:04  Zealot  
  133  14:05  Sentry  
  133  14:08  Probe x2  
  133  14:09  Stalker x2  
  129  14:10  Probe x2  
  129  14:12  Probe x2  
  129  14:13  Probe  
  129  14:16  Adept  
  129  14:17  Probe, Stalker  
  126  14:18  Probe x2  
  126  14:20  Probe  
  126  14:23  Photon Cannon  
  126  14:24  Zealot, Probe  
  125  14:25  Robotics Bay  
  125  14:27  Protoss Ground Weapons Level 3  
  125  14:28  Photon Cannon, Sentry  
  125  14:30  Zealot, Immortal  
  125  14:32  Zealot, Immortal  
  125  14:33  Photon Cannon, Protoss Shields Level 2  
  125  14:36  Stalker  
  133  14:40  Adept  
  133  14:42  Immortal  
  133  14:45  Adept x2, Pylon  
  141  14:50  Sentry  
  141  14:51  Zealot  
  147  14:59  Zealot x2  
  150  15:00  Zealot, Probe  
  150  15:02  Colossus  
  150  15:03  Probe x2  
  150  15:04  Colossus  
  150  15:05  Probe, Stalker x2  
  156  15:07  Probe  
  156  15:08  Probe  
  156  15:10  Photon Cannon  
  156  15:11  Photon Cannon  
  156  15:12  Probe  
  156  15:13  Sentry  
  165  15:14  Photon Cannon  
  165  15:15  Probe x3  
  165  15:17  Probe  
  165  15:19  Adept, Zealot  
  165  15:20  Adept, Colossus  
  180  15:22  Zealot  
  180  15:23  Pylon  
  180  15:24  Probe x2  
  180  15:28  Adept  
  186  15:33  Sentry  
  188  15:36  Stalker  
  188  15:39  Zealot  
  188  15:40  Resonating Glaives  
  188  15:41  Zealot  
  194  15:42  Zealot  
  196  15:53  Zealot, Probe  
  196  15:54  Zealot  
  196  15:55  Probe x4, Warp Prism  
  195  16:01  Warp Prism  
  195  16:02  Extended Thermal Lance  
  198  16:05  Probe  
  198  16:07  Probe  
  198  16:10  Nexus  
  200  16:15  Photon Cannon  
  199  16:22  Probe  
  200  16:25  Pylon  
  200  16:27  Zealot, Probe x3, Warp Prism, Photon Cannon  
  200  16:28  Disruptor, Probe  
  200  16:29  Zealot x2, Stalker  
  200  16:30  Zealot, Photon Cannon  
  200  16:31  Zealot  
  191  16:34  Probe  
  191  16:37  Colossus  
  191  16:39  Pylon, Probe x2  
  166  16:40  Probe  
  166  16:44  Probe  
  166  16:45  Pylon  
  166  16:46  Probe  
  145  16:47  Stalker  
  145  16:49  Zealot, Probe, Sentry  
  145  16:50  Zealot x2  
  145  16:52  Adept  
  145  16:53  Probe  
  149  16:56  Probe  
  149  16:57  Probe  
  149  16:58  Probe  
  135  17:03  Immortal  
  135  17:04  Disruptor, Stalker  
  135  17:05  Probe  
  135  17:06  Probe  
  135  17:07  Adept  
  135  17:08  Probe  
  125  17:10  Probe, Stalker x2  
  125  17:11  Nexus, Stalker  
  125  17:12  Zealot  
  131  17:17  Nexus, Probe  
  131  17:19  Probe  
  131  17:20  Probe, Colossus  
  131  17:21  Zealot  
  131  17:22  Assimilator  
  134  17:23  Probe, Photon Cannon  
  134  17:27  Zealot  
  134  17:29  Sentry, Probe  
  131  17:31  Pylon  
  131  17:32  Colossus  
  131  17:33  Zealot x2  
  131  17:34  Adept, Photon Cannon  
  131  17:35  Probe  
  131  17:36  Photon Cannon  
  137  17:40  Zealot, Immortal  
  149  17:45  Zealot  
  149  17:48  Sentry  
  145  17:52  Pylon  
  145  17:53  Zealot  
  145  17:54  Zealot, Stalker  
  135  18:00  Sentry  
  135  18:05  Pylon, Adept  
  129  18:07  Sentry, Photon Cannon  
  129  18:09  Immortal  
  123  18:13  Zealot  
  123  18:14  Adept, Colossus  
  123  18:17  Forge, Stargate  
  123  18:18  Zealot  
  137  18:23  Stalker  
  137  18:24  Adept  
  137  18:25  Adept  
  137  18:26  Immortal  
  147  18:34  Zealot, Adept, Nexus  
  149  18:38  Zealot  
  149  18:41  Adept, Probe  
  139  18:44  Adept, Probe  
  139  18:45  Zealot  
  113  18:48  Immortal  
  113  18:54  Zealot, Adept  
  109  18:56  Sentry  
  109  18:58  Zealot  
  109  19:00  Colossus  
  101  19:04  Stalker  
  101  19:05  Zealot, Probe  
  101  19:08  Immortal  
  114  19:10  Probe  
  114  19:14  Stalker x2  
  114  19:16  Adept, Probe  
  121  19:18  Zealot, Adept  
  121  19:21  Pylon  
  125  19:27  Adept  
  125  19:28  Immortal  
  125  19:29  Probe  
  125  19:30  Nexus, Sentry, Probe  
  123  19:36  Zealot, Stalker  
  123  19:38  Zealot x2  
  127  19:42  Probe  
  105  19:47  Adept, Disruptor  
  105  19:48  Colossus  
  105  19:49  Photon Cannon  
  105  19:50  Probe x2, Stalker  
  105  19:51  Forge, Probe  
  97  19:53  Adept  
  97  19:54  Probe, Stargate  
  97  19:56  Photon Cannon  
  97  19:58  Zealot, Photon Cannon  
  97  19:59  Zealot, Sentry  
  96  20:02  Probe x3  
  96  20:03  Probe  
  96  20:04  Pylon  
  95  20:07  Zealot, Immortal  
  95  20:10  Probe  
  95  20:11  Stalker  
  95  20:13  Zealot  
  97  20:14  Probe  
  97  20:15  Zealot, Probe  
  97  20:18  Adept  
  97  20:19  Adept  
  97  20:20  Pylon, Probe  
  93  20:23  Nexus, Immortal  
  93  20:26  Probe  
  93  20:27  Adept  
  93  20:28  Probe  
  102  20:29  Photon Cannon  
  102  20:32  Probe  
  102  20:33  Sentry  
  102  20:34  Zealot  
  102  20:35  Zealot, Colossus  
  93  20:38  Stalker  
  93  20:39  Zealot, Probe  
  93  20:40  Probe x2  
  93  20:41  Disruptor  
  85  20:46  Probe  
  85  20:47  Zealot  
  85  20:48  Probe  
  95  20:51  Probe  
  95  20:52  Zealot, Probe  
  95  20:54  Adept  
  95  20:55  Adept  
  95  20:56  Zealot  
  104  20:58  Probe  
  104  20:59  Probe  
  104  21:01  Adept  
  104  21:02  Colossus  
  104  21:03  Probe  
  99  21:04  Probe  
  99  21:07  Adept  
  99  21:09  Nexus  
  99  21:10  Zealot  
  104  21:11  Probe  
  104  21:12  Photon Cannon  
  104  21:13  Probe  
  104  21:14  Zealot  
  104  21:15  Pylon, Zealot, Probe  
  104  21:16  Adept, Probe  
  104  21:17  Photon Cannon  
  104  21:18  Immortal  
  118  21:21  Disruptor, Sentry  
  118  21:22  Adept  
  118  21:23  Probe  
  118  21:25  Probe  
  124  21:27  Probe  
  124  21:29  Probe  
  124  21:30  Sentry  
  132  21:35  Adept, Zealot, Probe  
  132  21:36  Sentry  
  132  21:37  Probe  
  132  21:38  Stalker  
  132  21:39  Probe  
  143  21:41  Probe  
  143  21:43  Probe  
  143  21:44  Adept  
  138  21:48  Probe  
  138  21:49  Probe  
  138  21:51  Probe  
  138  21:53  Stalker  
  139  21:55  Zealot, Disruptor, Immortal, Stalker  
  139  21:56  Colossus, Probe, Photon Cannon  
  139  21:57  Probe  
  139  21:59  Stalker  
  129  22:01  Adept, Probe  
  129  22:02  Probe  
  129  22:04  Adept  
  129  22:08  Pylon, Probe  
  137  22:14  Probe  
  137  22:15  Probe x2, Stalker  
  125  22:16  Stalker  
  125  22:18  Zealot  
  125  22:19  Adept  
  125  22:20  Probe  
  125  22:21  Sentry  
  129  22:24  Zealot  
  129  22:27  Immortal, Photon Cannon  
  121  22:32  Probe x3, Stalker  
  121  22:33  Probe, Stalker  
  121  22:35  Immortal, Probe  
  119  22:39  Zealot  
  119  22:40  Sentry, Photon Cannon  
  119  22:44  Zealot, Probe x2  
  106  22:45  Adept, Probe  
  106  22:47  Probe  
  106  22:50  Immortal  
  97  22:52  Zealot  
  97  22:54  Disruptor  
  97  22:55  Stalker  
  97  22:56  Zealot, Probe x2  
  97  22:58  Probe, Stalker  
  101  22:59  Probe  
  101  23:03  Zealot  
  101  23:05  Stalker  
  98  23:09  Probe  
  98  23:10  Adept, Probe  
  98  23:11  Probe  
  98  23:12  Stalker  
  100  23:14  Immortal  
  100  23:17  Stalker  
  100  23:18  Zealot  
  98  23:21  Probe  
  98  23:22  Probe  
  98  23:23  Stalker  
  98  23:24  Probe  
  100  23:28  Stalker  
  100  23:29  Observer  
  100  23:30  Pylon  
  100  23:31  Adept  
  100  23:33  Probe  
  101  23:34  Probe  
  101  23:35  Stalker  
  101  23:36  Probe  
  101  23:38  Stalker  
  101  23:40  Adept  
  90  23:45  Probe x2  
  90  23:47  Sentry  
  86  23:51  Stalker  
  86  23:52  Nexus  
  86  23:53  Probe  
  89  23:57  Probe, Stalker  
  89  24:01  Zealot  
  89  24:02  Probe  
  71  24:09  Probe  
  53  24:10  Zealot  
  53  24:14  Probe  
  53  24:21  Probe  
  53  24:26  Photon Cannon, Probe  
  51  24:35  Pylon  
  50  24:42  Pylon  
  42  24:52  Pylon  
Tags
 
Add a new tag
Caveats
  • Supply blocks, unpowered buildings, or Contaminate may cause inaccurate times.
  • Supply counts are checked every 10 seconds.